 Dungeon Crawl Stone Soup version 0.31-a0-214-gb37851dbb3 (webtiles) character file.

Game seed: 15471181096508272632

140 Implojin the Cutter (level 5, -1/30 HPs)
             Began as a Kobold Air Elementalist on July 1, 2023.
             Slain by a gnoll
             ... wielding a +0 club
             ... led by a gnoll sergeant
              (4 damage)
             ... on level 3 of the Dungeon.
             The game lasted 00:05:08 (2409 turns).

Implojin the Cutter (Kobold Air Elementalist)       Turns: 2409, Time: 00:05:08

Health: -1/30      AC:  4    Str:  5 (6)  XL:     5   Next: 47%
Magic:  8/8        EV: 15    Int: 16      God:
Gold:   87         SH:  0    Dex: 14 (17) Spells: 7/8 levels left

rFire   . . .        u - +1 short sword (venom)
rCold   . . .        (no shield)
rNeg    + . .        a - +0 robe
rPois   .            o - +2 hat
rElec   .            (no cloak)
rCorr   .            (no gloves)
SInv    .            (no boots)
Will    +....        (no amulet)
Stlth   ++++         r - ring of positive energy
HPRegen 0.25/turn    (no ring)
MPRegen 0.11/turn

%: no passive effects
@: brilliant, attractive, enlightened, flying, invisible
A: small, no large weapons, nightstalker 3, screaming 1
a: no special abilities


You were on level 3 of the Dungeon.
You visited 1 branch of the dungeon, and saw 3 of its levels.

You collected 87 gold pieces.

Inventory:

Hand Weapons
 e - a +0 dagger
 u - a +1 short sword of venom (weapon)
Missiles
 c - 56 stones
Armour
 a - a +0 robe (worn)
 f - a +0 scale mail
 o - a +2 hat (worn)
 x - a +0 ring mail
Jewellery
 r - a ring of positive energy (left hand)
 t - a +6 ring of intelligence
Scrolls
 d - a scroll of poison
 h - a scroll of noise {unknown}
 i - 2 scrolls of identify {unknown}
 m - a scroll of brand weapon {unknown}
 n - a scroll of teleportation {unknown}
 q - a scroll of immolation {unknown}
 v - a scroll of fear {unknown}
Potions
 b - a potion of magic


   Skills:
 - Level 2.0 Fighting
 - Level 4.0 Short Blades
 * Level 3.5 Dodging
 - Level 4.0 Stealth
 - Level 2.1 Spellcasting
 - Level 1.0 Conjurations
 - Level 3.0 Air Magic


You had 7 spell levels left.
You knew the following spells:

 Your Spells              Type           Power      Damage    Failure   Level
a - Shock                 Conj/Air       48%        1d6       9%          1

Your spell library contained the following spells:

 Spells                   Type           Power      Damage    Failure   Level
 Static Discharge         Conj/Air       24%        2-3/arc   14%         2
 Swiftness                Air            17%        N/A       19%         3
 Beastly Appendage        Tmut           4%         N/A       21%         1
 Wereblood                Tmut           2%         N/A       30%         2
 Spider Form              Tmut/Pois      2%         N/A       52%         3
 Airstrike                Air            8%         2d(2-18)  52%         4


Dungeon Overview and Level Annotations

Branches:
Dungeon (3/15)

Altars:


Innate Abilities, Weirdness & Mutations

You are small and have problems with some larger weapons.
You are completely attuned to the shadows.
You occasionally shout uncontrollably at your foes.


Message History

Unknown command.
You hit the gnoll but do no damage.
The gnoll looks as sick as possible!
The gnoll is severely wounded.
You kill the gnoll!
Danger: Low HP Warning |T2| Reason: 46% HP (14/30) Unknown command.
You barely miss the gnoll.
A gnoll comes into view. It is wielding a +0 flail.
The gnoll hits you but does no damage. The gnoll is attracted toward you.
Danger: Low HP Warning |T2| Reason: 46% HP (14/30) Unknown command.
You barely miss the gnoll. The gnoll hits you with a +0 club.
Danger: Low HP Warning |T2| Reason: 40% HP (12/30) Unknown command.
You closely miss the gnoll. The gnoll hits you with a +0 club.
Danger: Low HP Warning |T2| Reason: 30% HP (9/30) Unknown command.
You closely miss the gnoll.
Danger: Low HP Warning |T2| Reason: 30% HP (9/30) Unknown command.
You hit the gnoll.
The gnoll is lightly wounded.
The gnoll hits you with a +0 club.
Danger: Low HP Warning |T3| Reason: 10% HP (3/30) Unknown command.
It was a potion of enlightenment.
You feel very buoyant.
You fly up into the air.
The gnoll hits you with a +0 club.
Danger: Low HP Warning |T3| Reason: 10% HP (3/30)
Okay, then.
You aren't carrying any items that you can evoke.
Unknown command.
It was a potion of invisibility.
You fade into invisibility!
The gnoll misses you.
Danger: Low HP Warning |T3| Reason: 10% HP (3/30)
You hit the gnoll.
The gnoll is poisoned.
The gnoll is moderately wounded.
The gnoll hits you with a +0 club.
You die...

##.# g. >. ##.###.
....... .###### .## #^#
..## #.# .## ...## #.#
..# ....############.#
#.##
....<...........@####..#
..###############gg)...##
.## #.####..# ##
###########.# ##....
#.<......##.# #...
#######.######.##.# ...
......#....###.##.## #.
#####..............#
###.....##.##..###.


You could see 2 gnolls.

Vanquished Creatures
  A gnoll sergeant (D:3)
  A gnoll (D:3)
  A dart slug (D:1)
  4 orcs (D:3)
  4 ball pythons
  5 endoplasms
  6 giant cockroaches
  6 hobgoblins
  4 jackals (D:1)
  8 kobolds
  3 quokkas
  3 bats (D:1)
  2 frilled lizards
  6 goblins
  3 rats (D:1)
57 creatures vanquished.

Notes
Turn   | Place    | Note
-------+----------+-------------------------------------------
     0 | D:1      | Implojin the Kobold Air Elementalist began the quest for
                  | the Orb.
     0 | D:1      | Reached XP level 1. HP: 10/10 MP: 3/3
    79 | D:1      | Danger: Low HP Warning |T2| Reason: 30% HP (3/10)
   168 | D:1      | Reached skill level 1 in Fighting
   450 | D:1      | Reached XP level 2. HP: 16/16 MP: 5/5
   712 | D:1      | Reached skill level 1 in Short Blades
   833 | D:1      | Danger: Low HP Warning |T2| Reason: 52% HP (9/17)
   834 | D:1      | Reached XP level 3. HP: 12/21 MP: 6/6
  1822 | D:2      | Reached XP level 4. HP: 26/26 MP: 7/7
  1962 | D:3      | Noticed a gnoll sergeant
  1963 | D:3      | Danger: gnoll sergeant |T2| Reason: OOD monster, careful!
  1965 | D:3      | Danger: gnoll sergeant |T2| Reason: OOD monster, careful!
  1968 | D:3      | Danger: gnoll sergeant |T2| Reason: OOD monster, careful!
  2171 | D:3      | Danger: gnoll sergeant |T2| Reason: Quivering poison darts
                  | and no rPois, careful!
  2171 | D:3      | Danger: gnoll sergeant |T2| Reason: OOD monster, careful!
  2373 | D:3      | Danger: gnoll sergeant |T2| Reason: Quivering poison darts
                  | and no rPois, careful!
  2373 | D:3      | Danger: gnoll sergeant |T2| Reason: OOD monster, careful!
  2380 | D:3      | Gained mutation: You have very sharp teeth. [potion of
                  | mutation]
  2380 | D:3      | Gained mutation: You occasionally shout uncontrollably at
                  | your foes. [potion of mutation]
  2380 | D:3      | Lost mutation: You have very sharp teeth. [potion of
                  | mutation]
  2383 | D:3      | Danger: Low HP Warning |T2| Reason: 34% HP (9/26)
  2384 | D:3      | Danger: Low HP Warning |T2| Reason: 50% HP (13/26)
  2387 | D:3      | Danger: Low HP Warning |T2| Reason: 50% HP (13/26)
  2388 | D:3      | Danger: Low HP Warning |T3| Reason: 11% HP (3/26)
  2388 | D:3      | Killed a gnoll sergeant
  2389 | D:3      | Reached XP level 5. HP: 9/30 MP: 8/8
  2395 | D:3      | Danger: Low HP Warning |T2| Reason: 53% HP (16/30)
  2396 | D:3      | Danger: Low HP Warning |T2| Reason: 53% HP (16/30)
  2397 | D:3      | Danger: Low HP Warning |T2| Reason: 53% HP (16/30)
  2398 | D:3      | Danger: Low HP Warning |T2| Reason: 43% HP (13/30)
  2399 | D:3      | Danger: Low HP Warning |T2| Reason: 46% HP (14/30)
  2400 | D:3      | Danger: Low HP Warning |T2| Reason: 46% HP (14/30)
  2401 | D:3      | Danger: Low HP Warning |T2| Reason: 46% HP (14/30)
  2402 | D:3      | Danger: Low HP Warning |T2| Reason: 46% HP (14/30)
  2403 | D:3      | Danger: Low HP Warning |T2| Reason: 46% HP (14/30)
  2404 | D:3      | Danger: Low HP Warning |T2| Reason: 40% HP (12/30)
  2405 | D:3      | Danger: Low HP Warning |T2| Reason: 30% HP (9/30)
  2406 | D:3      | Danger: Low HP Warning |T2| Reason: 30% HP (9/30)
  2407 | D:3      | Danger: Low HP Warning |T3| Reason: 10% HP (3/30)
  2408 | D:3      | Danger: Low HP Warning |T3| Reason: 10% HP (3/30)
  2409 | D:3      | Danger: Low HP Warning |T3| Reason: 10% HP (3/30)
  2409 | D:3      | Slain by a gnoll

Illustrated notes

Levels and vault maps discovered:
D:1:      dpeg_arrival_windows_large_door, layout_loops_ring,
          minmay_misc_feat_alley, minmay_misc_feat_ornament
D:2:      layout_rooms, chequers_garden, hangedman_decor_diamond_cutter
D:3:      layout_loops_ring, nicolae_vehumet_radiance, gammafunk_ghost_icy,
          due_unseen_surprise

Skill      XL: |  1  2  3  4 |
---------------+-------------+-----
Fighting       | 1 2 |  2.0
Short Blades   | 1 3 4 |  4.0
Stealth        | 4 |  4.0
Dodging        | 3 |  3.5
Spellcasting   | |  2.1
Conjurations   | |  1.0
Air Magic      | |  3.0

Action                     |  1- 3 |  4- 6 || total
---------------------------+-------+-------++-------
  Melee: Dagger            |   130 |     3 ||   133
         Unarmed           |     8 |       ||     8
         Punch             |     1 |       ||     1
         Short sword       |       |    43 ||    43
   Cast: Shock             |     9 |       ||     9
    Use: Potion            |       |     7 ||     7
         Scroll            |       |     1 ||     1
   Stab: Sleeping          |    16 |     3 ||    19
 Armour: Robe              |    36 |     5 ||    41
  Dodge: Dodged            |   133 |    26 ||   159

Table legend: (Time is in decaauts)
 A = Elapsed time spent in this place.
 B = Non-inter-level travel time spent in this place.
 C = Inter-level travel time spent in this place.
 D = Time resting spent in this place.
 E = Time spent auto-exploring this place.
 F = Levels seen in this place.
 G = Mean time per level.
                   A        B        C        D        E       F      G
               +--------+--------+--------+--------+--------+-----+--------+
         Total |   2387 |   2258 |    129 |    192 |   1392 |   3 |  795.7 |
       Dungeon |   2387 |   2258 |    129 |    192 |   1392 |   3 |  795.7 |
               +--------+--------+--------+--------+--------+-----+--------+

Top non-repeatable levels by time:
     D:1: 1274 daAuts
     D:2: 675 daAuts
     D:3: 438 daAuts
